 Dungeon Crawl Stone Soup version 0.31.0-1-g2c135a0 (webtiles) character file.

Game seed: 10760132418077707386

203 bonegar the Magician (level 5, -6/28 HPs)
             Began as a Deep Elf Hedge Wizard on Mar 31, 2024.
             Mangled by an ogre
             ... wielding a +0 giant club
              (15 damage)
             ... on level 4 of the Dungeon.
             The game lasted 00:47:57 (3984 turns).

bonegar the Magician (Deep Elf Hedge Wizard)        Turns: 3984, Time: 00:47:58

Health: -6/28      AC:  5    Str: 11    XL:     5   Next: 51%
Magic:  9/14       EV: 13    Int: 21    God:
Gold:   147        SH:  0    Dex: 14    Spells: 6/14 levels left

rFire   x . .        i - staff "Biwnoa" {rPois rF- Str+4 Stlth+ Conj Alchemy}
rCold   . . .        (no shield)
rNeg    . . .        l - +0 robe
rPois   +            c - +0 hat
rElec   .            x - +1 cloak
rCorr   .            (no gloves)
SInv    .            o - +0 pair of boots
Will    .....        (no amulet)
Stlth   +++          (no ring)
HPRegen 0.24/turn    (no ring)
MPRegen 0.14/turn

%: no passive effects
@: on blink cooldown
A: no striking features
a: no special abilities


You were on level 4 of the Dungeon.
You visited 1 branch of the dungeon, and saw 4 of its levels.

You collected 177 gold pieces.
You spent 30 gold pieces at shops.

Inventory:

Hand Weapons
 a - a +0 dagger
 j - a +2 hand axe of freezing
 p - a +3 dagger
Armour
 b - a +0 robe
 c - a +0 hat (worn)
 l - a +0 robe (worn)
 o - a +0 pair of boots (worn)
 x - a +1 cloak (worn)
Magical Staves
 i - the staff "Biwnoa" (weapon) {rPois rF- Str+4 Stlth+ Conj Alchemy}
   (You acquired it on level 4 of the Dungeon)

   [staff of alchemy]

   Base accuracy: +5 Base damage: 5 Base attack delay: 1.2 This weapon's minimum
   attack delay (0.6) is reached at skill level 12.
   Str+4:     It affects your strength (+4).
   rF-:       It makes you vulnerable to fire.
   rPois:     It protects you from poison Stlth+: It makes you more stealthy.
   Conj:      It increases the power of your Conjurations spells.
   Alchemy:   It increases the power of your Alchemy spells.
   It falls into the 'Staves' category.
   It is a one-handed weapon.
Jewellery
 v - a ring of ice
Talismans
 s - a flux talisman
Wands
 q - a wand of acid (14) (quivered)
 u - a wand of iceblast (9)
Scrolls
 e - a scroll of enchant armour
 f - a scroll of identify
 k - a scroll of poison
 m - a scroll of vulnerability {unknown}
 n - 2 scrolls of blinking {unknown}
 r - a scroll of silence {unknown}
 t - a scroll of teleportation
Potions
 d - a potion of magic
 g - a potion of brilliance
 h - 3 potions of curing
 w - a potion of berserk rage


   Skills:
 + Level 1.1 Short Blades
 + Level 0.0 Staves
 + Level 3.4 Dodging
 + Level 3.6 Stealth
 + Level 5.3 Spellcasting
 + Level 2.4 Conjurations
 + Level 2.5 Summonings
 + Level 2.4 Translocations


You had 6 spell levels left.
You knew the following spells:

 Your Spells              Type           Power      Damage    Failure   Level
a - Magic Dart            Conj           92%        1d7       3%          1
b - Blink                 Tloc           30%        N/A       6%          2
c - Call Imp              Summ           32%        N/A       5%          2
d - Swiftness             Air            5%         N/A       32%         3

Your spell library contained the following spells:

 Spells                   Type           Power      Damage    Failure   Level
 Slow                     Hex            20%        N/A       11%         1
 Cigotuvi's Dreadful Rot  Necr/Alch/Air  16%        N/A       16%         2
 Ensorcelled Hibernation  Hex/Ice        10%        N/A       16%         2
 Mephitic Cloud           Conj/Alch/Air  20%        N/A       22%         3
 Passwall                 Erth           5%         N/A       32%         3


Dungeon Overview and Level Annotations

Branches:
Dungeon (4/15)
 Temple: D:4-7

Altars:
Okawaru
Qazlal

Shops:
D:1 (   D:4 (!


Message History

Aiming: Magic Dart (safe; 3% risk of failure)
Press: ? - help, Shift-Dir - straight line, f - goblin
Aim: a goblin, wielding a +1 dagger of pain (severely wounded, ally target, 100% to hit)
Okay, then.
The goblin misses your cerulean imp.
Your cerulean imp hits the goblin but does no damage.
Casting: Magic Dart (safe; 3% risk of failure)
Confirm with . or Enter, or press ? or * to list all spells.
Aiming: Magic Dart (safe; 3% risk of failure)
Press: ? - help, Shift-Dir - straight line, f - goblin
Aim: a goblin, wielding a +1 dagger of pain (severely wounded, ally target, 100% to hit)
You feel a surge of power!
The magic dart hits the goblin.
You kill the goblin!
Your cerulean imp barely misses the goblin.
Casting: Magic Dart (safe; 3% risk of failure)
Confirm with . or Enter, or press ? or * to list all spells.
Aiming: Magic Dart (safe; 3% risk of failure)
Press: ? - help, Shift-Dir - straight line, f - goblin
Aim: a goblin, wielding a +0 club (ally target, 100% to hit)
You feel a surge of power!
The magic dart hits the goblin.
You kill the goblin!
Your cerulean imp barely misses the ogre.
Aiming: Corrosive Bolt
Press: ? - help, Shift-Dir - straight line, f - ogre
Aim: an ogre, wielding a +0 giant club (ally target, 86% to hit)
The bolt of acid hits the ogre!
The acid corrodes the ogre!
The ogre is heavily wounded.
The bolt of acid hits the goblin!
The acid corrodes the goblin!
You kill the goblin!
Your cerulean imp hits the ogre but does no damage.
Your cerulean imp hits the ogre with a -3 spear.
Casting: Magic Dart (safe; 3% risk of failure)
Confirm with . or Enter, or press ? or * to list all spells.
You blink.
Your cerulean imp disappears in a puff of smoke!
The ogre hits you with a +0 giant club!!
Ouch! That really hurt!
The ogre hits you with a +0 giant club!
Ouch! That really hurt!
You die...

.... #### ...#### #..
#..#..(######## #.# ..
#..#..)')#....# #.# ...
#..# #)).O§.###.# ....
#..# ###.#@...##..#
?.?.###..##...##....#..##
......#..#..#.###.##).##
........†#.##.###.#..##
......>....##...#...##
..<##..............## ..
#......>........#
#.[.............# #
##......†........#


You could see an ogre (corroded).

Vanquished Creatures
  A hound (D:4)
  Natasha (D:2)
  An adder (D:4)
  3 dart slugs
  3 ribbon worms
  7 bats
  5 endoplasms
  2 giant cockroaches
  10 goblins
  2 hobgoblins
  3 jackals (D:3)
  8 kobolds
  6 quokkas
  10 ball pythons
  3 frilled lizards
  3 rats
68 creatures vanquished.

Vanquished Creatures (collateral kills)
  Natasha (twice) (D:2)
  An endoplasm (D:2)
  3 goblins (D:4)
  A jackal (D:3)
  A quokka (D:2)
8 creatures vanquished.

Grand Total: 76 creatures vanquished

Notes
Turn   | Place    | Note
-------+----------+-------------------------------------------
     0 | D:1      | bonegar the Deep Elf Hedge Wizard began the quest for the
                  | Orb.
     0 | D:1      | Reached XP level 1. HP: 10/10 MP: 7/7
   713 | D:1      | Found Qakkusa's Antique Weapon Shop.
   922 | D:1      | Reached XP level 2. HP: 15/15 MP: 5/9
  1473 | D:2      | Learned a level 2 spell: Blink
  1476 | D:2      | Learned a level 2 spell: Call Imp
  1727 | D:2      | Noticed Natasha
  1733 | D:2      | Killed Natasha
  1734 | D:2      | Reached XP level 3. HP: 11/19 MP: 2/11
  2307 | D:2      | Noticed Natasha
  2319 | D:2      | Killed Natasha
  2320 | D:2      | Reached skill level 5 in Spellcasting
  2320 | D:2      | Reached XP level 4. HP: 17/24 MP: 3/13
  2422 | D:2      | Noticed Natasha
  2431 | D:2      | HP: 1/24 [Natasha/magic dart (7)]
  2432 | D:2      | Killed Natasha
  2761 | D:3      | Found an iron altar of Okawaru.
  3000 | D:3      | Found a faded altar of an unknown god.
  3021 | D:3      | Reached XP level 5. HP: 16/28 MP: 0/14
  3262 | D:3      | Found a stormy altar of Qazlal.
  3589 | D:4      | Found Vomu's Antique Weapon Emporium.
  3734 | D:4      | Learned a level 3 spell: Swiftness
  3765 | D:4      | Reached skill level 1 in Short Blades
  3782 | D:4      | Found Wuhekh's Distillery.
  3849 | D:4      | Bought a potion of curing for 30 gold pieces
  3850 | D:4      | Identified a scroll of acquirement
  3851 | D:4      | Acquired the staff "Biwnoa" {rPois rF- Str+4 Stlth+ Conj
                  | Alchemy}
  3963 | D:4      | Noticed an ogre
  3984 | D:4      | Mangled by an ogre

Illustrated notes

Levels and vault maps discovered:
D:1:      scummos_arrival_hexagon, layout_basic, serial_shops, shop,
          serial_rivers, chequers_serial_rivers_marsh,
          chequers_serial_rivers_large_a, chequers_serial_rivers_micro_b,
          chequers_serial_rivers_room_b, chequers_serial_rivers_micro_a
D:2:      layout_loops_corners, minmay_misc_feat_secret_circle,
          kennysheep_cross_room, minmay_surrounded, uniq_natasha
D:3:      layout_loops_ring, okawaru_trees_1,
          mainiacjoe_overflow_surrounded_room, ebering_ecumenical_altar_box
D:4:      layout_rooms, cheibrodos_ashenzari_chains, serial_shops,
          kennysheep_mini, shop, shop, shop,
          nicolae_shop_competitors_out_of_business, kennysheep_donut,
          minmay_ogre_servants

Skill      XL: |  1  2  3  4  5 |
---------------+----------------+-----
Stealth        | 3 |  3.6
Dodging        | 3 |  3.4
Spellcasting   | 5 |  5.3
Conjurations   | 2 |  2.4
Summonings     | 2 |  2.5
Translocations | 2 |  2.4
Short Blades   | 1 |  1.1

Action                     |  1- 3 |  4- 6 || total
---------------------------+-------+-------++-------
  Melee: Dagger            |    35 |    25 ||    60
   Cast: Magic Dart        |    75 |    68 ||   143
         Call Imp          |     6 |     5 ||    11
         Blink             |     2 |     4 ||     6
  Evoke: Wand              |     1 |     2 ||     3
    Use: Potion            |     1 |       ||     1
         Scroll            |       |     9 ||     9
 Armour: Robe              |    29 |    21 ||    50
  Dodge: Dodged            |    24 |    31 ||    55
